 Dungeon Crawl Stone Soup version 0.21.1-1-g345015f (webtiles) character file.

51 DaynesWaifu the Grasshopper (level 4, -1/34 HPs)
             Began as a Human Warper on Feb 27, 2018.
             Killed by nerve-wracking pain
             ... invoked by an orc priest
              (11 damage)
             ... on level 2 of the Dungeon.
             The game lasted 00:18:47 (1267 turns).

DaynesWaifu the Grasshopper (Human Warper)          Turns: 1267, Time: 00:18:48

Health: -1/34      AC:  3    Str: 11    XL:     4   Next: 7%
Magic:  7/7        EV: 12    Int: 14    God:
Gold:   62         SH:  0    Dex: 13    Spells: 0/7 levels left

rFire    . . .     SeeInvis .   a - +0 falchion
rCold    . . .     Gourm    .   (no shield)
rNeg     . . .     Faith    .   b - +0 leather armour
rPois    .         Spirit   .   (no helmet)
rElec    .         Reflect  .   (no cloak)
rCorr    .         Harm     .   (no gloves)
MR       .....                  (no boots)
Stlth    +.........             l - amulet of magic regeneration
HPRegen  0.11/turn              (no ring)
MPRegen  0.35/turn              (no ring)

@: very slightly contaminated
A: no striking features
a: no special abilities


You were on level 2 of the Dungeon.
You were not hungry.

You visited 1 branch of the dungeon, and saw 3 of its levels.

You collected 62 gold pieces.

Inventory:

Hand Weapons
 a - a +0 falchion (weapon)
Missiles
 e - 5 tomahawks of dispersal (quivered)
 h - 18 bolts
Armour
 b - a +0 leather armour (worn)
 g - a +0 robe
 j - a +0 chain mail
Jewellery
 l - an amulet of magic regeneration (around neck)
Scrolls
 d - a scroll of blinking
 i - 2 scrolls of identify {unknown}
 k - a scroll of random uselessness {unknown}
 m - a scroll of remove curse {unknown}
 n - a scroll of teleportation {unknown}
Potions
 o - a potion of ambrosia {unknown}
 p - a potion of flight {unknown}
Books
 c - a book of Spatial Translocations

   Spells                             Type                      Level
   a - Blink                          Translocation                2
   b - Shroud of Golubria             Charms/Translocation         2
   c - Lesser Beckoning               Translocation                3
   d - Gell's Gravitas                Translocation                3
   e - Teleport Other                 Translocation                3
   f - Passage of Golubria            Translocation                4
Comestibles
 f - 2 rations


   Skills:
 + Level 2.3 Fighting
 + Level 2.3 Long Blades
 + Level 1.0 Throwing
 + Level 2.0 Armour
 + Level 2.4 Dodging
 + Level 2.4 Spellcasting
 + Level 3.0 Translocations


You couldn't memorise any spells.
You knew the following spells:

 Your Spells              Type           Power        Failure   Level  Hunger
a - Blink                 Tloc           N/A          13%         2    ###....
b - Shroud of Golubria    Chrm/Tloc      #.........   24%         2    ###....
c - Gell's Gravitas       Tloc           ##........   26%         3    ###....


Dungeon Overview and Level Annotations

Branches:
Dungeon (3/15)

Altars:


Message History

The orc priest mumbles some strange prayers to Beogh against you.
Pain shoots through your body!
The orc priest hits you with a short sword.
You see here an orc skeleton.
You barely miss the orc priest.
The orc priest hits you with a short sword.
You hit the orc priest but do no damage.
The orc priest hits you with a short sword.
You barely miss the orc priest.
The orc priest hits you with a short sword.
* * * LOW HITPOINT WARNING * * *
There is a stone staircase leading up here.
The orc priest barely misses you.
You climb upwards.
There is a stone staircase leading down here.
You slash the orc priest!
The orc priest is heavily wounded.
The orc priest mumbles some strange prayers to Beogh against you.
Pain shoots through your body!
You die...

## #. #. #. #. #.
########################.
#......#@o...............
#......#[###############.
########......#.#........#...##.
#......'.................#...##.
#.######......#..........#...##.
#.# ####......#..........#...##.
##.###.........#..........#...##.
#....'.........+..........'....#.
######.........###........#....#.


You could see an orc priest.

Vanquished Creatures
  An orc wizard (D:2)
  A leopard gecko (D:1)
  3 orcs
  A bat (D:2)
  3 goblins
  3 hobgoblins
  3 jackals (D:2)
  3 kobolds
  A frilled lizard (D:3)
  A rat (D:1)
20 creatures vanquished.

Notes
Turn   | Place    | Note
-------+----------+-------------------------------------------
     0 | D:1      | DaynesWaifu the Human Warper began the quest for the Orb.
     0 | D:1      | Reached XP level 1. HP: 16/16 MP: 3/3
   191 | D:1      | Reached XP level 2. HP: 20/22 MP: 5/5
   275 | D:1      | Learned a level 2 spell: Blink
   278 | D:1      | Learned a level 2 spell: Shroud of Golubria
   595 | D:2      | Reached XP level 3. HP: 14/28 MP: 4/6
   918 | D:2      | Reached XP level 4. HP: 9/34 MP: 7/7
  1141 | D:2      | Learned a level 3 spell: Gell's Gravitas
  1267 | D:2      | Killed from afar by an orc priest

Skill      XL: |  1  2  3  4 |
---------------+-------------+-----
Armour         | 2 |  2.0
Fighting       | |  2.3
Long Blades    | |  2.3
Throwing       | |  1.0
Dodging        | |  2.4
Spellcasting   | |  2.4
Translocations | |  3.0

Action                   |  1- 3 |  4- 6 || total
-------------------------+-------+-------++-------
Melee: Falchion          |    86 |     9 ||    95
 Cast: Blink             |     8 |       ||     8
       Shroud of Golubri |     3 |       ||     3
  Use: Potion            |     1 |       ||     1
 Stab: Sleeping          |     1 |       ||     1
  Eat: Chunk             |     1 |       ||     1
       Ration            |       |     1 ||     1
Armor: Leather armour    |    29 |       ||    29
       Chain mail        |       |     2 ||     2
Dodge: Dodged            |    80 |     3 ||    83
       Rpst.: Falchion   |    25 |     1 ||    26
